Map: Last Fantasy LE

Players

Taybuck

  • Race: Zerg Zerg
  • League: Gold
  • Spawn Location: 3:00

SubN - Winner!

  • Race: Zerg Zerg
  • League: Diamond
  • Spawn Location: 12:00

VOD

Have the link to the VOD?

Description

Time

  • Played on: July 31, 2025, 5:16 p.m.
  • Length: 3:28
Show
View Real Time Build Order
Export as new Build Order

Taybuck Zerg 

Build Orders: Hatch First 

Get SALT Encoding   

  12  0:00  Drone  
  13  0:08  Drone  
  14  0:16  Overlord  
  14  0:22  Extractor  
  14  0:24  Drone  
  15  0:36  Drone  
  16  0:50  Hatchery  
  16  0:51  Drone  
  16  1:07  Spawning Pool  
  16  1:10  Extractor  
  16  1:11  Drone  
  15  1:15  Drone  
  17  1:18  Drone  
  17  1:22  Drone  
  18  1:35  Drone  
  19  1:44  Overlord  
  19  1:57  Zergling x2  
  19  1:58  Queen  
  22  2:01  Queen  
  22  2:07  Zergling x2  
  25  2:10  Drone  
  26  2:19  Zergling x2  
  27  2:28  Drone  
  28  2:31  Drone x2  
  30  2:41  Drone  
  30  2:42  Overlord  
  31  2:50  Zergling x2, Spine Crawler  
  29  3:04  Spine Crawler  
  29  3:05  Zergling x2  
Show
View Real Time Build Order
Export as new Build Order

SubN Zerg - Winner!

Build Orders: Pool First 

Get SALT Encoding   

  12  0:00  Drone  
  13  0:10  Drone  
  13  0:14  Extractor  
  13  0:28  Spawning Pool  
  12  0:58  Hatchery  
  11  1:17  Queen  
  13  1:29  Metabolic Boost  
  13  1:38  Overlord  
  13  1:51  Zergling x2  
  14  2:01  Zergling x4  
  15  2:08  Zergling x2  
  17  2:15  Zergling x4  
  19  2:21  Zergling x2  
  20  2:26  Zergling x4  
  20  2:27  Zergling x2  
  23  2:35  Zergling x2  
  24  2:44  Zergling x2  
  24  2:45  Zergling x2  
  24  2:47  Zergling x2  
  27  2:52  Zergling x2  
Tags
 
Add a new tag
Caveats
  • Supply blocks, unpowered buildings, or Contaminate may cause inaccurate times.
  • Supply counts are checked every 10 seconds.